 Dungeon Crawl Stone Soup version 0.20-a0-441-g89e74e4 (webtiles) character file.

37 M4edhros the Grave Robber (level 3, -2/21 HPs)
             Began as an Octopode Necromancer on Jan 6, 2017.
             Killed by divine providence
             ... invoked by an orc priest
              (10 damage)
             ... on level 3 of the Dungeon.
             The game lasted 00:02:23 (582 turns).

M4edhros the Grave Robber (Octopode Necromancer)     Turns: 582, Time: 00:02:26

Health: -2/21      AC:  1    Str:  7    XL:     3   Next: 41%
Magic:  3/6        EV: 13    Int: 17    God:
Gold:   42         SH:  0    Dex: 13    Spells: 1/6 levels left

rFire  . . .     SeeInvis .       - Unarmed
rCold  . . .     Gourm    .     (no shield)
rNeg   . . .     Faith    .     (helmet restricted)
rPois  .         Spirit   .     d - amulet of rage
rElec  .         Reflect  .     (no ring)
rCorr  .         Harm     .     (no ring)
MR     .....                    (no ring)
Stlth  +++.......               (no ring)
                                (no ring)
                                (no ring)
                                (no ring)
                                (no ring)

@: regenerating
A: almost no armour, stealthy swim, amphibious, 8 rings, constrict 8, camouflage
1, gelatinous body 1
a: Evoke Berserk Rage


You were on level 3 of the Dungeon.
You were not hungry.

You visited 1 branch of the dungeon, and saw 3 of its levels.

You collected 42 gold pieces.

Inventory:

Jewellery
 d - an amulet of rage (around mantle)
Scrolls
 h - a scroll of identify {unknown}
 i - a scroll of teleportation {unknown}
Potions
 c - 2 potions of cancellation {unknown}
 e - a potion of might {unknown}
 g - a potion of heal wounds {unknown}
Books
 a - a book of Necromancy

   Spells                             Type                      Level
   a - Pain                           Necromancy                   1
   b - Animate Skeleton               Necromancy                   1
   c - Vampiric Draining              Necromancy                   3
   d - Regeneration                   Charms/Necromancy            3
   e - Animate Dead                   Necromancy                   4
   f - Control Undead                 Necromancy                   4
Comestibles
 b - a bread ration
 f - 2 meat rations


   Skills:
 - Level 2.0 Dodging
 - Level 2.6 Stealth
 + Level 2.9 Unarmed Combat
 - Level 2.0 Spellcasting
 - Level 4.0 Necromancy


You had one spell level left.
You knew the following spells:

 Your Spells              Type           Power        Failure   Level  Hunger
a - Pain                  Necr           ###.         3%          1    #......
b - Animate Skeleton      Necr           N/A          3%          1    #......
c - Regeneration          Chrm/Necr      #.........   24%         3    ###....


Dungeon Overview and Level Annotations

Branches:
Dungeon (3/15)

Altars:
Hepliaklqana
Sif Muna
Xom


Innate Abilities, Weirdness & Mutations

You cannot wear most types of armour.
You are very stealthy in the water. (Stealth+)
You are amphibious.
You can wear up to eight rings at the same time.
You can use your tentacles to constrict eight enemies at once.
Your skin changes colour to match your surroundings (Stealth+).
Your rubbery body absorbs attacks. (AC +1, EV +1)


Message History

You barely miss the leopard gecko. You grab the leopard gecko.
You squeeze the leopard gecko.
The leopard gecko is almost dead.
You constrict the leopard gecko.
You kill the leopard gecko!
An orc and an orc priest come into view.
You hear the slow rusting of a very distant drain.
The orc priest shouts!
The orc priest mumbles some strange prayers to Beogh against you.
Beogh smites you!
Ouch! That really hurt!
* * * LOW HITPOINT WARNING * * *
An orc comes into view. It is wielding a club.
Casting: Regeneration
Confirm with . or Enter, or press ? or * to list all spells.
Your skin crawls.
The orc shouts! x2
The orc priest mumbles some strange prayers to Beogh against you.
Beogh smites you!
You die...

### #.# ##.#.##
########.###.#####
.................#
########.###.###@#
.# ##.#.## #.#
.### #(# #.# ...#
### #.# ...#


#oo ...# #o. .########## ##.. .# #.....# #. #####.....# .# You could see an orc
priest and 2 orcs.

Vanquished Creatures
  A worm (D:2)
  A leopard gecko (D:3)
  3 bats (D:1)
  3 giant cockroaches
  3 goblins
  7 hobgoblins
  A quokka (D:2)
  2 frilled lizards
  3 kobolds (D:1)
  5 rats
29 creatures vanquished.

Notes
Turn   | Place    | Note
-------+----------+-------------------------------------------
     0 | D:1      | M4edhros the Octopode Necromancer began the quest for the Orb.
     0 | D:1      | Reached XP level 1. HP: 11/11 MP: 3/3
    29 | D:1      | Reached skill level 1 in Unarmed Combat
    43 | D:1      | Reached XP level 2. HP: 8/17 MP: 5/5
   291 | D:1      | Learned a level 1 spell: Animate Skeleton
   378 | D:2      | Reached XP level 3. HP: 3/21 MP: 3/6
   384 | D:2      | Learned a level 3 spell: Regeneration
   450 | D:2      | Found a deep blue altar of Sif Muna.
   452 | D:2      | Found a shimmering altar of Xom.
   506 | D:3      | Found a hazy altar of Hepliaklqana.
   582 | D:3      | Killed from afar by an orc priest

Vault maps used:
D:1:      shiori_arrival_maze
D:2:      nicolae_gozag_cash_rules_everything_around_me,
          overflow_temple_1_default, brannock_xom_greatest_gift
D:3:      overflow_temple_1_default, portal_sewer_entry_b,
          makhleb_blood_cavern_becter

Skill      XL: |  1  2 |
---------------+-------+-----
Unarmed Combat | 1 2 |  2.9
Dodging        | |  2.0
Stealth        | |  2.6
Spellcasting   | |  2.0
Necromancy     | |  4.0

Action                   || total
-------------------------++-------
Melee: Unarmed           ||    41
       Constrict         ||    15
       Tentacles         ||     8
       Punch             ||     1
 Cast: Pain              ||    19
       Animate Skeleton  ||     1
       Regeneration      ||     4
 Stab: Sleeping          ||     8
Armor: Skin              ||     5
Dodge: Dodged            ||    30
